cohdb
Replays
Latest Replays
All Replays
Popular Replays
Top Player Replays
Match Explorer
How It Works
Community
CoH3 Stats
Reddit
Sign in to upload your games and track your stats! →
Sign in with Steam
Match 43904777
Unlisted
Match 43904777
Overview
Messages
Build Orders
End
Kradschützen Motorcycle Team
Panzergrenadier Squad
Panzergrenadier Squad
Panzergrenadier Squad
Construct Light Support Kompanie
2.5-tonne Medical Truck
Selects Battlefield Espionage Battlegroup
Selects 250/3 Funkpanzerwagen
Fire Support Elements
Assault Mechanized Group
Flakvierling Half-track
Selects Anti-Tank Incendiary Munitions
Pak 38 Anti-tank Gun Team
Pak 38 Mechanized Group
MG34 Team
Selects Operation Skorpion
MG34 Team
Selects Intel Disruption Beacon
Selects Plunder
Assault Mechanized Group
SoF Ya Nos
Brother
0
0
Comments
sign in to comment!
No comments posted yet!